 Dungeon Crawl Stone Soup version 0.30.0-5-g1a98f26d00 (webtiles) character file.

Game seed: 18350456721344472495

42 PoweredByGinger the Chopper (level 3, -2/30 HPs)
             Began as a Minotaur Gladiator on May 9, 2023.
             Slain by a gnoll
             ... wielding a +0 flail
              (11 damage)
             ... on level 2 of the Dungeon.
             The game lasted 00:00:57 (875 turns).

PoweredByGinger the Chopper (Minotaur Gladiator)     Turns: 875, Time: 00:00:58

Health: -2/30      AC:  4    Str: 20    XL:     3   Next: 33%
Magic:  2/2        EV: 12    Int:  5    God:
Gold:   21         SH:  0    Dex: 11    Spells: 2/2 levels left

rFire   . . .        a - +0 war axe
rCold   . . .        (no shield)
rNeg    . . .        b - +0 leather armour
rPois   .            c - +0 hat
rElec   .            (no cloak)
rCorr   .            g - +0 pair of gloves
SInv    .            (no boots)
Will    .....        (no amulet)
Stlth   +            (no ring)
HPRegen 0.25/turn    (no ring)
MPRegen 0.08/turn

%: no passive effects
@: no status effects
A: horns 2, retaliatory headbutt
a: no special abilities


You were on level 2 of the Dungeon.
You visited 1 branch of the dungeon, and saw 2 of its levels.

You collected 21 gold pieces.

Inventory:

Hand Weapons
 a - a +0 war axe (weapon)
Missiles
 d - 3 throwing nets (quivered)
 e - a javelin
 h - 6 atropa-tipped darts
Armour
 b - a +0 leather armour (worn)
 c - a +0 hat (worn)
 g - a +0 pair of gloves (worn)
Scrolls
 f - a scroll of enchant armour {unknown}


   Skills:
 - Level 2.4 Fighting
 + Level 5.4 Axes
 - Level 2.0 Throwing
 - Level 3.2 Dodging


You had 2 spell levels left.
You didn't know any spells.
Your spell library contained the following spells:

 Spells                   Type           Power      Damage    Failure   Level
 Borgnjor's Revivificati  Necr           0%         N/A       100%        8
 Necromutation            Tmut/Necr      0%         N/A       100%        8
 Death's Door             Necr           0%         N/A       100%        9


Dungeon Overview and Level Annotations

Branches:
Dungeon (2/15)

Altars:

Shops:
D:2 [


Innate Abilities, Weirdness & Mutations

You have a pair of horns on your head.
You reflexively headbutt those who attack you in melee.


Message History

No target in view!
A ball python comes into view.
A ball python is nearby!
A ball python is nearby!
A ball python is nearby!
The ball python hisses angrily.
You slash the ball python!
You kill the ball python!
No target in view!
No target in view!
You enter the shallow water.
Moving in this stuff is going to be slow.
You enter the shallow water.
Moving in this stuff is going to be slow.
Found a stone staircase leading up. 2 gnolls come into view.
Found Fopas's Antique Armour Emporium.
The gnoll shouts! x2
A gnoll comes into view. It is wielding a +0 flail.
The gnoll moves out of view.
A gnoll comes into view. It is wielding a +0 club.
There are monsters nearby!
There are monsters nearby!
Found a scroll labelled EDOGUF FA KOSE.
The gnoll shouts! x2
The gnoll hits the plant with a +0 flail!
The plant begins to die.
The gnoll completely misses you.
You slash the gnoll!
The gnoll is severely wounded.
The gnoll barely misses you.
You hit the gnoll but do no damage.
The gnoll hits you from afar with a +0 spear.
The gnoll hits you from afar with a +0 halberd.
The gnoll hits you from afar with a +0 spear!
The gnoll hits you from afar with a +0 halberd!
* * * LOW HITPOINT WARNING * * *
You closely miss the gnoll. You hit the gnoll.
A nearby plant withers and dies.
The gnoll misses you. The gnoll hits you with a +0 flail!
You die...

.#.##.##.##.#
...#.....##.# ###.
##~~~~~~~<..# ...
~~~≈≈≈≈≈~~~~####.###
#
≈≈≈≈≈≈≈≈≈≈≈~~~##....
.##
≈≈≈~~~~~≈≈≈≈≈~~~.#
....
~~~~###~~~~≈≈≈≈~.#


.PPP. ~#### ####~~~≈≈~g#..P∩.. ## ###~~~~@gg.P.P. #######g..... ..... #.?# ##
You could see 4 gnolls.

Vanquished Creatures
  5 ball pythons
  An endoplasm (D:1)
  2 giant cockroaches (D:1)
  2 goblins (D:1)
  4 hobgoblins (D:1)
  9 jackals
  3 quokkas
  A bat (D:1)
  5 frilled lizards (D:1)
  2 kobolds (D:1)
  2 rats
36 creatures vanquished.

Notes
Turn   | Place    | Note
-------+----------+-------------------------------------------
     0 | D:1      | PoweredByGinger the Minotaur Gladiator began the quest for
                  | the Orb.
     0 | D:1      | Reached XP level 1. HP: 18/18 MP: 0/0
    66 | D:1      | Reached skill level 4 in Axes
    91 | D:1      | Reached XP level 2. HP: 25/25 MP: 1/1
   255 | D:1      | Reached skill level 5 in Axes
   306 | D:1      | Reached XP level 3. HP: 28/30 MP: 2/2
   870 | D:2      | Found Fopas's Antique Armour Emporium.
   875 | D:2      | Slain by a gnoll

Illustrated notes

Levels and vault maps discovered:
D:1:      lemuel_arrival_funnel, layout_loops_ring
D:2:      wander_river, layout_basic, serial_shops,
          nicolae_shop_overgrown_old_shop, serial_curves, eino_curves_04,
          eino_curves_03

Skill      XL: |  1  2 |
---------------+-------+-----
Axes           | 4 5 |  5.4
Fighting       | |  2.4
Throwing       | |  2.0
Dodging        | |  3.2

Action                     || total
---------------------------++-------
  Melee: War axe           ||    62
         Headbutt          ||     7
         Punch             ||     1
 Armour: Leather armour    ||    17
  Dodge: Dodged            ||    51
